| TOP OF THE 1ST |
|
Quad Cities Angels batting - Pitching for Appleton Foxes : RHP Danny Ortiz
|
|
Pitching: RHP Danny Ortiz
|
|
|
Batting: SHB Frank Diaz
|
0-0: Foul Ball, location: 2F 0-1: Swinging Strike 0-2: Fly out, F7 (Flyball, 78M, EV 80.0 MPH)
|
|
Batting: RHB Rolando Roomes
|
0-0: Ball 1-0: Called Strike 1-1: TRIPLE (Flyball, 89XD, EV 110.0 MPH)
|
|
Batting: RHB Dionisio DeJesus
|
0-0: Swinging Strike 0-1: Ball 1-1: Ball 2-1: Foul Ball, location: 2F 2-2: Strikes out looking
|
|
Batting: LHB Bob Helsom
|
0-0: Ball 1-0: Called Strike 1-1: Ball 2-1: Foul Ball, location: 2F 2-2: Strikes out swinging
|
| Top of the 1st over - 0 runs, 1 hit, 0 errors, 1 left on base; Quad Cities 0 - Appleton 0 |
| BOTTOM OF THE 1ST |
|
Appleton Foxes batting - Pitching for Quad Cities Angels : RHP Scott Munninghoff
|
|
Pitching: RHP Scott Munninghoff
|
|
|
Batting: LHB Mike Woodard
|
0-0: Fly out, F4 (Popup, 4MD, EV 46.3 MPH)
|
|
Batting: RHB George Hinshaw
|
0-0: Ball 1-0: TRIPLE (Flyball, 89XD, EV 105.6 MPH)
|
|
Batting: RHB Chris Brown
|
0-0: Fly out, F4 (Popup, 4S, EV 73.8 MPH)
|
|
Batting: SHB Matt Gallegos
|
0-0: Ball 1-0: Foul Ball, location: 2F 1-1: Ball 2-1: Swinging Strike 2-2: Ball 3-2: Base on Balls
|
|
Batting: RHB Victor Mata
|
0-0: Ball 1-0: Ball 2-0: Called Strike 2-1: Ball 3-1: Foul Ball, location: 2F 3-2: Base on Balls Matt Gallegos to second
|
|
Batting: LHB John Csefalvay
|
0-0: Fly out, F8 (Line Drive, 8LD, EV 105.0 MPH)
|
| Bottom of the 1st over - 0 runs, 1 hit, 0 errors, 3 left on base; Quad Cities 0 - Appleton 0 |
| TOP OF THE 2ND |
|
Quad Cities Angels batting - Pitching for Appleton Foxes : RHP Danny Ortiz
|
|
Batting: RHB Mike Sharperson
|
0-0: Foul Ball, location: 2F 0-1: Fly out, F4 (Popup, 34S, EV 76.3 MPH)
|
|
Batting: LHB Chuck Sandberg
|
0-0: Ball 1-0: Foul Ball, location: 2F 1-1: Ball 2-1: Ball 3-1: Base on Balls
|
|
Batting: RHB Oscar Mejia
|
0-0: Ball 1-0: Called Strike 1-1: Ball 2-1: Foul Ball, location: 2F 2-2: SINGLE (Flyball, 8LS, EV 90.0 MPH) Chuck Sandberg to second
|
|
Batting: RHB Greg Griffin
|
0-0: Called Strike 0-1: Called Strike 0-2: Fly out, F4 (Popup, 34D, EV 54.4 MPH)
|
|
Batting: RHB Cecil Strawn
|
0-0: Ball 1-0: Ball 2-0: Called Strike 2-1: Foul Ball, location: 2F 2-2: Ball 3-2: Base on Balls Chuck Sandberg to third Oscar Mejia to second
|
|
Batting: SHB Frank Diaz
|
0-0: Called Strike 0-1: Called Strike 0-2: Fielders Choice at 2nd, 5-4 (Groundball, 56, EV 101.3 MPH)
|
| Top of the 2nd over - 0 runs, 1 hit, 0 errors, 3 left on base; Quad Cities 0 - Appleton 0 |
| BOTTOM OF THE 2ND |
|
Appleton Foxes batting - Pitching for Quad Cities Angels : RHP Scott Munninghoff
|
|
Batting: RHB Jack Upton
|
0-0: Ball 1-0: Called Strike 1-1: Ball 2-1: Ball 3-1: Swinging Strike 3-2: DOUBLE (Line Drive, 7LM, EV 92.5 MPH)
|
|
Batting: RHB Jeffery Carl
|
0-0: Ball 1-0: Called Strike 1-1: Ball 2-1: Foul Ball, location: 2F 2-2: Ball 3-2: Ground out 1-3 (Groundball, 13S, EV 61.9 MPH) Jack Upton to third
|
|
Batting: RHB Peter Rowe
|
0-0: Ball 1-0: Ground out 4-3 (Groundball, 4, EV 85.0 MPH) Jack Upton scores
|
|
Batting: LHB Mike Woodard
|
0-0: Foul Ball, location: 2F 0-1: Ball 1-1: Ball 2-1: Ball 3-1: Fly out, F8 (Flyball, 8RD, EV 105.6 MPH)
|
| Bottom of the 2nd over - 1 run, 1 hit, 0 errors, 0 left on base; Quad Cities 0 - Appleton 1 |
| TOP OF THE 3RD |
|
Quad Cities Angels batting - Pitching for Appleton Foxes : RHP Danny Ortiz
|
|
Batting: RHB Rolando Roomes
|
0-0: SINGLE (Groundball, 6S, EV 71.3 MPH) (infield hit)
|
|
Batting: RHB Dionisio DeJesus
|
0-0: Called Strike Rolando Roomes steals 2nd base (no throw) 0-1: Swinging Strike 0-2: Ground out 4-3 (Groundball, 4, EV 76.9 MPH) Rolando Roomes to third
|
|
Batting: LHB Bob Helsom
|
0-0: Called Strike 0-1: Ground out 4-3 (Groundball, 4, EV 80.0 MPH) Rolando Roomes scores
|
|
Batting: RHB Mike Sharperson
|
0-0: Ball 1-0: Swinging Strike 1-1: Ball 2-1: Swinging Strike 2-2: Foul Ball, location: 2F 2-2: Ball 3-2: Base on Balls
|
|
Batting: LHB Chuck Sandberg
|
0-0: Called Strike 0-1: Foul Ball, location: 2F 0-2: Strikes out looking
|
| Top of the 3rd over - 1 run, 1 hit, 0 errors, 1 left on base; Quad Cities 1 - Appleton 1 |
| BOTTOM OF THE 3RD |
|
Appleton Foxes batting - Pitching for Quad Cities Angels : RHP Scott Munninghoff
|
|
Batting: RHB George Hinshaw
|
0-0: Ball 1-0: DOUBLE (Groundball, 5L, EV 95.6 MPH)
|
|
Batting: RHB Chris Brown
|
0-0: Ball 1-0: Ball 2-0: Foul Ball, location: 2F 2-1: Ball 3-1: Base on Balls
|
|
Batting: SHB Matt Gallegos
|
0-0: Called Strike 0-1: Foul Ball, location: 2F 0-2: Ball 1-2: Ball 2-2: Foul Ball, location: 2F 2-2: Ball 3-2: Fly out, F5 (Popup, 56, EV 70.6 MPH)
|
|
Batting: RHB Victor Mata
|
0-0: Ball 1-0: Ball George Hinshaw steals 3rd base Chris Brown to second 2-0: Foul Ball, location: 2F 2-1: Fly out, F7 (Flyball, 7LM, EV 97.5 MPH) Runner from 3rd tags up, SCORES, no throw by LF
|
|
Batting: LHB John Csefalvay
|
0-0: Called Strike 0-1: Called Strike 0-2: Ground out 4-3 (Groundball, 4, EV 85.0 MPH)
|
| Bottom of the 3rd over - 1 run, 1 hit, 0 errors, 1 left on base; Quad Cities 1 - Appleton 2 |
| TOP OF THE 4TH |
|
Quad Cities Angels batting - Pitching for Appleton Foxes : RHP Danny Ortiz
|
|
Batting: RHB Oscar Mejia
|
0-0: Called Strike 0-1: Swinging Strike 0-2: Ball 1-2: Ball 2-2: Foul Ball, location: 2F 2-2: Ball 3-2: Foul Ball, location: 2F 3-2: Foul Ball, location: 2F 3-2: DOUBLE (Flyball, 89D, EV 107.5 MPH)
|
|
Batting: RHB Greg Griffin
|
0-0: Called Strike 0-1: Foul Ball, location: 2F 0-2: Foul Ball, location: 2F 0-2: Strikes out swinging
|
|
Batting: RHB Cecil Strawn
|
0-0: SINGLE (Groundball, 6MD, EV 94.4 MPH) Oscar Mejia to third Runner from 3rd tries for Home, SAFE, throw by CF to home
|
|
Batting: SHB Frank Diaz
|
0-0: Foul Ball, location: 2F 0-1: Ball 1-1: Foul Ball, location: 2F 1-2: Foul Ball, location: 2F 1-2: Fielders Choice at 2nd, 3-6 (Groundball, 3, EV 103.1 MPH)
|
|
Batting: RHB Rolando Roomes
|
0-0: Called Strike 0-1: Ball 1-1: Ground out 1-3 (Groundball, 15S, EV 71.3 MPH)
|
| Top of the 4th over - 1 run, 2 hits, 0 errors, 1 left on base; Quad Cities 2 - Appleton 2 |
| BOTTOM OF THE 4TH |
|
Appleton Foxes batting - Pitching for Quad Cities Angels : RHP Scott Munninghoff
|
|
Batting: RHB Jack Upton
|
0-0: Called Strike 0-1: Ground out 6-3 (Groundball, 6M, EV 104.4 MPH)
|
|
Batting: RHB Jeffery Carl
|
0-0: Ball 1-0: Ball 2-0: Ball 3-0: Base on Balls
|
|
Batting: RHB Peter Rowe
|
0-0: Ball Jeffery Carl is caught stealing 2nd base 2-4 1-0: Ball 2-0: Ball 3-0: Called Strike 3-1: SINGLE (Flyball, 56D, EV 88.8 MPH)
|
|
Batting: LHB Mike Woodard
|
0-0: Foul Ball, location: 2F 0-1: Foul Ball, location: 2F 0-2: Ball 1-2: Strikes out swinging
|
| Bottom of the 4th over - 0 runs, 1 hit, 0 errors, 1 left on base; Quad Cities 2 - Appleton 2 |
| TOP OF THE 5TH |
|
Quad Cities Angels batting - Pitching for Appleton Foxes : RHP Danny Ortiz
|
|
Batting: RHB Dionisio DeJesus
|
0-0: Swinging Strike 0-1: Swinging Strike 0-2: Strikes out swinging
|
|
Batting: LHB Bob Helsom
|
0-0: Ball 1-0: Ground out 6-3 (Groundball, 6, EV 88.1 MPH)
|
|
Batting: RHB Mike Sharperson
|
0-0: Foul Ball, location: 2F 0-1: Ball 1-1: Foul Ball, location: 2F 1-2: Foul Ball, location: 2F 1-2: Foul Ball, location: 2F 1-2: Ball 2-2: Foul Ball, location: 2F 2-2: Ball 3-2: Ground out U3 (Groundball, 34, EV 85.0 MPH)
|
| Top of the 5th over - 0 runs, 0 hits, 0 errors, 0 left on base; Quad Cities 2 - Appleton 2 |
| BOTTOM OF THE 5TH |
|
Appleton Foxes batting - Pitching for Quad Cities Angels : RHP Scott Munninghoff
|
|
Batting: RHB George Hinshaw
|
0-0: Ball 1-0: Foul Ball, location: 2F 1-1: Ball 2-1: Foul Ball, location: 2F 2-2: Foul Ball, location: 2F 2-2: Ball 3-2: Base on Balls
|
|
Batting: RHB Chris Brown
|
0-0: Swinging Strike 0-1: Swinging Strike 0-2: Foul Ball, location: 2F 0-2: Fielders Choice at 2nd, 5-4 (Groundball, 56, EV 86.9 MPH)
|
|
Batting: SHB Matt Gallegos
|
0-0: SINGLE (Groundball, 56D, EV 105.6 MPH) Chris Brown to second Chris Brown to third
|
|
Batting: RHB Victor Mata
|
0-0: Called Strike 0-1: Ball 1-1: Foul Ball, location: 2F 1-2: Fly out, F8 (Flyball, 8LXD, EV 105.0 MPH) Runner from 3rd tags up, SCORES, no throw by CF
|
|
Batting: LHB John Csefalvay
|
0-0: Ball Matt Gallegos steals 2nd base (no throw) 1-0: Ball 2-0: Ball 3-0: Base on Balls
|
|
Batting: RHB Jack Upton
|
0-0: Called Strike 0-1: Fielders Choice at 2nd, 6-4 (Groundball, 6D, EV 84.4 MPH)
|
| Bottom of the 5th over - 1 run, 1 hit, 0 errors, 2 left on base; Quad Cities 2 - Appleton 3 |
| TOP OF THE 6TH |
|
Quad Cities Angels batting - Pitching for Appleton Foxes : RHP Danny Ortiz
|
|
Batting: LHB Chuck Sandberg
|
0-0: Called Strike 0-1: Ball 1-1: Called Strike 1-2: SINGLE (Groundball, 3D, EV 101.9 MPH)
|
|
Batting: RHB Oscar Mejia
|
0-0: Bunt missed! 0-1: Sac Bunt to 13 - play at first, batter OUT! 1-4 Chuck Sandberg to second
|
|
Batting: RHB Greg Griffin
|
0-0: Called Strike 0-1: Foul Ball, location: 2F 0-2: Foul Ball, location: 2F 0-2: Ground out 4-3 (Groundball, 4, EV 90.0 MPH) Chuck Sandberg to third
|
|
Batting: RHB Cecil Strawn
|
0-0: Called Strike 0-1: Ball 1-1: Called Strike 1-2: Strikes out swinging
|
| Top of the 6th over - 0 runs, 1 hit, 0 errors, 1 left on base; Quad Cities 2 - Appleton 3 |
| BOTTOM OF THE 6TH |
|
Appleton Foxes batting - Pitching for Quad Cities Angels : RHP Scott Munninghoff
|
|
Batting: RHB Jeffery Carl
|
0-0: Reached on error, E6 (Groundball, 56, EV 86.3 MPH)
|
|
Batting: RHB Peter Rowe
|
0-0: Ball 1-0: Grounds into double play, 3-6-3 (Groundball, 34S, EV 78.8 MPH)
|
|
Batting: LHB Mike Woodard
|
0-0: Ball 1-0: Ground out U3 (Groundball, 34S, EV 80.0 MPH)
|
| Bottom of the 6th over - 0 runs, 0 hits, 1 error, 0 left on base; Quad Cities 2 - Appleton 3 |
| TOP OF THE 7TH |
|
Quad Cities Angels batting - Pitching for Appleton Foxes : RHP Danny Ortiz
|
|
Batting: SHB Frank Diaz
|
0-0: Ball 1-0: Called Strike 1-1: Fly out, F5 (Popup, 5SF, EV 78.8 MPH)
|
|
Batting: RHB Rolando Roomes
|
0-0: Ball 1-0: Ball 2-0: Ball 3-0: Base on Balls
|
|
Batting: RHB Dionisio DeJesus
|
0-0: Ball 1-0: Ball 2-0: Ball 3-0: Base on Balls Rolando Roomes to second
|
|
Batting: LHB Bob Helsom
|
0-0: Called Strike 0-1: Ball Rolando Roomes steals 3rd base (no throw) Dionisio DeJesus to second 1-1: Ball 2-1: Ball 3-1: Foul Ball, location: 2F 3-2: Foul Ball, location: 2F 3-2: Base on Balls
|
|
Batting: RHB Mike Sharperson
|
0-0: Ball 1-0: Called Strike 1-1: Fly out, F3 (Popup, 3L, EV 68.8 MPH)
|
|
Batting: LHB Chuck Sandberg
|
0-0: Ball 1-0: Ground out 4-3 (Groundball, 4MD, EV 103.1 MPH)
|
| Top of the 7th over - 0 runs, 0 hits, 0 errors, 3 left on base; Quad Cities 2 - Appleton 3 |
| BOTTOM OF THE 7TH |
|
Appleton Foxes batting - Pitching for Quad Cities Angels : RHP Scott Munninghoff
|
|
Batting: RHB George Hinshaw
|
0-0: Ball 1-0: Called Strike 1-1: Reached on error, E5 (Groundball, 56, EV 86.9 MPH)
|
|
Batting: RHB Chris Brown
|
0-0: Ball 1-0: Fly out, F9 (Flyball, 9D, EV 106.3 MPH) Runner from 2nd tags up, SAFE at 3rd, no throw by RF
|
|
Batting: SHB Matt Gallegos
|
0-0: Foul Ball, location: 2F 0-1: Called Strike 0-2: Ball 1-2: Ball 2-2: Ball 3-2: Ground out 4-3 (Groundball, 4, EV 93.1 MPH)
|
|
Batting: RHB Victor Mata
|
0-0: Foul Ball, location: 2F 0-1: Ball 1-1: Ground out 5-3 (Groundball, 56, EV 98.8 MPH)
|
| Bottom of the 7th over - 0 runs, 0 hits, 1 error, 1 left on base; Quad Cities 2 - Appleton 3 |
| TOP OF THE 8TH |
|
Quad Cities Angels batting - Pitching for Appleton Foxes : RHP Danny Ortiz
|
|
Batting: RHB Oscar Mejia
|
0-0: Ground out 6-3 (Groundball, 6, EV 85.6 MPH)
|
|
Batting: RHB Greg Griffin
|
0-0: Ball 1-0: Called Strike 1-1: Ball 2-1: Foul Ball, location: 2F 2-2: Ball 3-2: Fly out, F8 (Flyball, 89S, EV 95.0 MPH)
|
|
Batting: RHB Cecil Strawn
|
0-0: Ball 1-0: Ball 2-0: Ball 3-0: Base on Balls
|
|
Batting: SHB Frank Diaz
|
0-0: Foul Ball, location: 2F 0-1: Called Strike 0-2: Fly out, F9 (Flyball, 9S, EV 96.9 MPH)
|
| Top of the 8th over - 0 runs, 0 hits, 0 errors, 1 left on base; Quad Cities 2 - Appleton 3 |
| BOTTOM OF THE 8TH |
|
Appleton Foxes batting - Pitching for Quad Cities Angels : RHP Scott Munninghoff
|
|
Batting: LHB John Csefalvay
|
0-0: Called Strike 0-1: Ball 1-1: Foul Ball, location: 2F 1-2: Foul Ball, location: 2F 1-2: Foul Ball, location: 2F 1-2: Fly out, F4 (Line Drive, 4, EV 69.4 MPH)
|
|
Batting: RHB Jack Upton
|
0-0: Foul Ball, location: 2F 0-1: Ground out 6-3 (Groundball, 6D, EV 88.8 MPH)
|
|
Batting: RHB Jeffery Carl
|
0-0: Fly out, F8 (Line Drive, 8RM, EV 86.9 MPH)
|
| Bottom of the 8th over - 0 runs, 0 hits, 0 errors, 0 left on base; Quad Cities 2 - Appleton 3 |
| TOP OF THE 9TH |
|
Quad Cities Angels batting - Pitching for Appleton Foxes : RHP Danny Ortiz
|
|
Pitching: RHP Jaime Cocanower
|
|
|
Batting: RHB Rolando Roomes
|
0-0: SINGLE (Groundball, 6MS, EV 84.4 MPH) (infield hit)
|
|
Batting: RHB Dionisio DeJesus
|
0-0: Ball 1-0: DOUBLE (Flyball, 8RXD, EV 96.9 MPH) Rolando Roomes to third
|
|
Batting: LHB Bob Helsom
|
0-0: Intentional Walk
|
|
Batting: RHB Mike Sharperson
|
0-0: Called Strike 0-1: Fly out, F9 (Flyball, 89D, EV 96.3 MPH) Runner from 3rd tags up, SCORES, throw by RF Dionisio DeJesus to third
|
|
Batting: LHB Chuck Sandberg
|
0-0: Called Strike 0-1: Ball 1-1: Ball 2-1: Ground out 4-3 (Groundball, 4MD, EV 104.4 MPH) Dionisio DeJesus scores Bob Helsom to second
|
|
Batting: RHB Oscar Mejia
|
0-0: Called Strike 0-1: Fly out, F7 (Flyball, 7S, EV 94.4 MPH)
|
| Top of the 9th over - 2 runs, 2 hits, 0 errors, 1 left on base; Quad Cities 4 - Appleton 3 |
| BOTTOM OF THE 9TH |
|
Appleton Foxes batting - Pitching for Quad Cities Angels : RHP Scott Munninghoff
|
|
Pitching: LHP Michael Shoaf
|
|
|
Pinch Hitting: RHB Robert Gilles
|
0-0: Called Strike 0-1: Ball 1-1: Foul Ball, location: 2F 1-2: SINGLE (Groundball, 56D, EV 93.8 MPH)
|
|
Pinch Hitting: RHB Douglas Lulay
|
0-0: Called Strike 0-1: Ball 1-1: Called Strike 1-2: Ball 2-2: Strikes out swinging
|
|
Batting: RHB George Hinshaw
|
0-0: Swinging Strike 0-1: Grounds into double play, 5-4-3 (Groundball, 5L, EV 101.9 MPH)
|
| Bottom of the 9th over - 0 runs, 1 hit, 0 errors, 0 left on base; Quad Cities 4 - Appleton 3 |
|